Map: Pillars of Gold LE

Players

Kelazhur

  • Race: Terran Terran
  • Spawn Location: 7:00

Bunny - Winner!

  • Race: Terran Terran
  • Spawn Location: 1:00

Event: IEM Katowice 2021

VOD

Have the link to the VOD?

Description

Time

  • Played on: Feb. 20, 2021, 11:06 a.m.
  • Length: 9:36

All games in this series

Show
View Real Time Build Order
Export as new Build Order

Kelazhur Terran 

Build Orders:  

Get SALT Encoding   

  12  0:00  SCV  
  13  0:12  SCV  
  14  0:17  Supply Depot  
  14  0:24  SCV  
  15  0:28  Refinery  
  15  0:39  SCV  
  16  0:45  Barracks  
  16  0:51  SCV  
  17  1:03  SCV  
  18  1:15  SCV  
  20  1:32  Reaper, Orbital Command  
  20  1:33  Supply Depot  
  20  1:49  Factory  
  20  1:51  Refinery  
  20  1:58  SCV  
  21  2:05  Reaper  
  22  2:10  SCV  
  23  2:23  SCV  
  23  2:29  Command Center  
  24  2:35  SCV, Hellion  
  27  2:38  Reaper  
  28  2:44  Supply Depot  
  28  2:47  SCV  
  29  2:56  Hellion  
  31  3:02  Starport  
  31  3:05  SCV  
  31  3:12  Barracks Reactor  
  32  3:16  Barracks  
  32  3:19  Factory Tech Lab  
  32  3:21  SCV  
  33  3:36  SCV  
  33  3:37  Cyclone  
  37  3:42  Starport Tech Lab  
  37  3:44  Orbital Command  
  37  3:48  SCV  
  37  3:50  Marine  
  37  3:51  Marine  
  40  4:00  SCV  
  40  4:01  Raven  
  43  4:04  Barracks Reactor  
  43  4:09  Barracks  
  43  4:11  SCV  
  43  4:14  Marine x2  
  43  4:16  SCV  
  47  4:22  Supply Depot  
  47  4:24  SCV  
  47  4:28  SCV  
  47  4:30  Siege Tank  
  52  4:33  Marine x2  
  54  4:41  SCV x2  
  52  4:48  Marine x2  
  52  4:50  Refinery  
  52  4:51  Supply Depot  
  54  4:53  SCV x2  
  54  4:58  Marine x2  
  58  5:04  Supply Depot  
  58  5:06  SCV  
  59  5:07  Marine x2  
  59  5:08  Stimpack, Marine  
  59  5:10  Starport Reactor  
  62  5:15  Siege Tank  
  62  5:16  Supply Depot  
  62  5:18  SCV  
  62  5:19  SCV  
  67  5:22  Marine  
  67  5:28  Supply Depot, Marine x3  
  68  5:30  Marine  
  68  5:33  SCV  
  68  5:34  SCV  
  70  5:45  SCV  
  70  5:47  Marine x4, Siege Tank  
  70  5:48  Marine  
  70  5:49  SCV  
  79  5:52  Medivac  
  79  5:56  Medivac  
  82  6:04  Marine x2  
  82  6:05  Marine  
  82  6:08  Supply Depot  
  84  6:14  Marine x2  
  86  6:21  Siege Tank  
  86  6:25  Marine x3  
  91  6:28  Supply Depot  
  91  6:31  Supply Depot  
  91  6:36  Marine x2  
  93  6:40  SCV x2  
  93  6:43  Command Center  
  93  6:45  Medivac x2  
  99  6:47  Marine, Refinery  
  99  6:48  Marine  
  99  6:49  Marine  
  101  6:59  Marine x2  
  102  7:08  Marine, Siege Tank  
  91  7:19  Marine  
  91  7:20  Marine x2  
  91  7:22  Marine  
  80  7:23  SCV  
  80  7:26  Marine, Combat Shield  
  82  7:36  Marine  
  67  7:38  Marine x2  
  67  7:40  Marine, Siege Tank  
  67  7:44  Marine  
  64  7:46  Command Center  
  64  7:50  Medivac x2, Engineering Bay x2  
  67  7:54  Marine  
  67  7:56  Marine x2  
  70  7:59  SCV x2  
  71  8:09  Marine  
  71  8:10  Marine  
  71  8:12  Marine, Siege Tank  
  69  8:13  SCV  
  69  8:19  Marine  
  66  8:20  Marine  
  62  8:27  Marine  
  62  8:28  Marine  
  62  8:30  Marine  
  65  8:37  Marine x2  
  65  8:39  Medivac x2  
  71  8:46  Marine x2  
  71  8:48  Marine  
  73  8:55  Marine x2  
  75  9:04  Supply Depot, Marine x2  
  75  9:06  Marine  
  83  9:13  Marine  
Show
View Real Time Build Order
Export as new Build Order

Bunny Terran - Winner!

Build Orders:  

Get SALT Encoding   

  12  0:00  SCV  
  13  0:12  SCV  
  14  0:17  Supply Depot  
  14  0:24  SCV  
  15  0:39  SCV, Barracks  
  16  0:44  Refinery  
  16  0:51  SCV  
  16  0:55  Refinery  
  17  1:03  SCV  
  18  1:15  SCV  
  19  1:27  Reaper, Orbital Command  
  19  1:30  Supply Depot  
  20  1:43  Factory  
  20  1:53  SCV  
  21  1:59  Reaper  
  22  2:05  SCV  
  23  2:17  SCV  
  23  2:22  Command Center  
  24  2:27  Hellion  
  26  2:30  SCV  
  26  2:32  Reaper  
  28  2:42  SCV  
  28  2:43  Supply Depot  
  29  2:48  Hellion  
  31  2:56  Starport  
  31  3:04  SCV  
  32  3:05  Barracks Reactor  
  32  3:09  Factory Tech Lab  
  32  3:16  SCV  
  33  3:28  SCV  
  33  3:30  Cyclone  
  37  3:35  Starport Tech Lab  
  37  3:36  Orbital Command  
  37  3:38  Refinery  
  37  3:41  SCV  
  38  3:43  Marine x2  
  40  3:53  SCV  
  41  3:56  Raven  
  43  4:03  SCV  
  43  4:05  SCV, Marine x2  
  47  4:11  Supply Depot  
  47  4:15  SCV  
  47  4:16  Siege Tank  
  51  4:17  SCV  
  51  4:23  Marine x2  
  54  4:32  SCV x2  
  54  4:36  Command Center  
  56  4:44  Raven  
  57  4:45  SCV x2  
  57  4:49  Refinery  
  60  4:56  Supply Depot  
  60  4:57  Siege Tank  
  60  4:58  SCV  
  62  5:05  Supply Depot  
  62  5:11  Supply Depot  
  62  5:17  Marine x2  
  62  5:18  SCV x2, Supply Depot  
  66  5:29  Supply Depot, Siege Tank  
  66  5:30  SCV x2  
  66  5:35  Supply Depot  
  71  5:42  SCV  
  69  5:47  Viking  
  69  5:48  Viking  
  69  5:49  Orbital Command  
  72  5:51  Marine  
  72  5:52  Stimpack  
  72  5:55  SCV  
  74  5:58  SCV  
  74  6:04  Siege Tank  
  77  6:07  SCV  
  77  6:10  SCV  
  79  6:16  Marine  
  79  6:17  Viking  
  79  6:18  Viking  
  84  6:19  SCV  
  85  6:30  Barracks  
  85  6:31  Barracks  
  85  6:36  Siege Tank  
  89  6:41  Marine  
  89  6:45  Supply Depot, Engineering Bay  
  89  6:46  Engineering Bay  
  89  6:50  Viking  
  89  6:51  Viking  
  93  7:03  Marine  
  93  7:14  Siege Tank  
  93  7:20  SCV x2, Viking  
  93  7:21  SCV, Viking  
  92  7:28  Barracks Reactor  
  92  7:29  Barracks Reactor  
  92  7:34  Supply Depot  
  81  7:41  Marine  
  76  7:47  Orbital Command  
  76  7:50  Viking x2  
  80  7:52  Siege Tank  
  80  8:09  Marine x3  
  80  8:10  Marine x2  
  80  8:11  SCV x2  
  85  8:13  SCV  
  84  8:20  Medivac  
  84  8:23  SCV  
  84  8:24  Siege Tank  
  84  8:25  Medivac  
  78  8:27  Marine x4  
  78  8:28  SCV x2, Marine  
  85  8:35  SCV  
  85  8:38  Barracks  
  85  8:39  Barracks  
  86  8:45  Marine x5  
  91  8:50  Medivac  
  91  8:55  Medivac, SCV x3  
  98  9:03  Marine x2  
  98  9:04  Marine x3  
  106  9:12  Missile Turret  

Tags
 
Add a new tag
Caveats
  • Supply blocks, unpowered buildings, or Contaminate may cause inaccurate times.
  • Supply counts are checked every 10 seconds.